 Dungeon Crawl Stone Soup version 0.21.1-72-gffa868e (webtiles) character file.

115 Doobh the Vandal (level 5, 0/31 HPs)
             Began as a Kobold Hunter on Aug 3, 2018.
             Slain by an orc
             ... wielding a +0 club
              (5 damage)
             ... on level 3 of the Dungeon.
             The game lasted 00:22:15 (3236 turns).

Doobh the Vandal (Kobold Hunter)                    Turns: 3236, Time: 00:22:16

Health: 0/31       AC:  6    Str: 10    XL:     5   Next: 20%
Magic:  5/5        EV: 15    Int: 12    God:
Gold:   104        SH:  0    Dex: 16    Spells: 4/4 levels left

rFire    + . .     SeeInvis .   a - +1 hunting sling
rCold    . . .     Gourm    .   (shield restricted)
rNeg     . . .     Faith    .   c - +0 leather armour
rPois    .         Spirit   .   o - +0 hat
rElec    .         Reflect  .   (no cloak)
rCorr    .         Harm     .   t - +2 pair of gloves
MR       .....                  (no boots)
Stlth    ++........             (no amulet)
HPRegen  0.10/turn              k - ring of protection from fire
MPRegen  0.09/turn              (no ring)

@: no status effects
A: small, carnivore
a: no special abilities


You were on level 3 of the Dungeon.
You were not hungry.

You visited 1 branch of the dungeon, and saw 3 of its levels.

You collected 104 gold pieces.

Inventory:

Hand Weapons
 a - a +1 hunting sling (weapon)
 b - a +0 short sword
Missiles
 d - 17 sling bullets (quivered)
 e - 103 stones
Armour
 c - a +0 leather armour (worn)
 o - a +0 hat (worn)
 t - a +2 pair of gloves (worn)
Jewellery
 k - a ring of protection from fire (left hand)
 u - a cursed ring of teleportation {unknown}
Scrolls
 j - 3 scrolls of remove curse
 m - a scroll of noise {unknown}
 p - a scroll of enchant armour {unknown}
 r - 2 scrolls of identify {unknown}
Potions
 g - 3 potions of lignification {unknown}
 h - 2 potions of flight {unknown}
 i - a potion of cancellation {unknown}
 l - a potion of invisibility {unknown}
 n - a potion of curing {unknown}
Comestibles
 f - 6 rations


   Skills:
 + Level 2.5 Fighting
 * Level 2.3 Short Blades
 + Level 5.3 Slings
 + Level 0.6 Armour
 + Level 2.5 Dodging
 + Level 1.8 Stealth


You had 4 spell levels left.
You didn't know any spells.

Dungeon Overview and Level Annotations

Branches:
Dungeon (3/15)

Altars:
Elyvilon
Okawaru

Annotations:
D:3 1 runed door, Ceann's ghost, amateur OpIE; Sigmund


Innate Abilities, Weirdness & Mutations

You are small and have problems with some larger weapons.
You are carnivorous and can eat meat at any time.


Message History

Press: ? - help, Shift-Dir - straight line, f/p - orc priest
Aim: an orc priest, wielding a falchion (heavily wounded)
You shoot a sling bullet. The sling bullet hits the orc priest.
The orc priest is heavily wounded.
The orc priest barely misses you.
The orc priest looks satisfied for a moment.
The orc priest calls down the wrath of Beogh upon you.
Beogh smites you!
The orc priest calls down the wrath of Beogh upon you.
Beogh smites you!
You see here a sling bullet.
The orc priest casts a cantrip, but nothing happens.
The orc priest invokes the aid of Beogh against you.
Beogh smites you!
* * * LOW HITPOINT WARNING * * *
The orc priest miscasts a cantrip.
You see here a robe.
There is a stone staircase leading up here.
The orc hits you with a club.
You die...

#........#####.#.#.#
#..#...........#.#.#
##.#.#####.#.#.#.#.#
#.#.# #.#...#.#.#
##.#.# #.#.#.#.#.#
.....# #[#.......#
##.o.# #.#.#.#.###
#...# #.#.#.#o#
#.(.#####.#.#.#@#
#...(.....#.#.#####
#..########.......#
#....o....o...###.#
#.############# #.#
#.# #.# #.# #.# #.#
#.#
#.###############.#


You could see an orc.

Vanquished Creatures
  4 adders
  A dart slug (D:1)
  4 leopard geckos
  8 orcs (D:3)
  A giant cockroach (D:2)
  10 goblins
  7 hobgoblins
  3 jackals (D:3)
  A quokka (D:2)
  9 bats
  3 frilled lizards
  8 kobolds
  4 rats
63 creatures vanquished.

Notes
Turn   | Place    | Note
-------+----------+-------------------------------------------
     0 | D:1      | Doobh the Kobold Hunter began the quest for the Orb.
     0 | D:1      | Reached XP level 1. HP: 12/12 MP: 1/1
    86 | D:1      | Reached XP level 2. HP: 11/17 MP: 2/2
   263 | D:1      | Reached skill level 1 in Short Blades
   746 | D:1      | Reached XP level 3. HP: 21/21 MP: 3/3
  1010 | D:2      | Found an iron altar of Okawaru.
  1376 | D:2      | Reached XP level 4. HP: 27/27 MP: 4/4
  1665 | D:3      | Reached skill level 5 in Slings
  1776 | D:3      | Noticed Ceann's ghost (amateur OpIE)
  2139 | D:3      | Reached XP level 5. HP: 31/31 MP: 5/5
  2199 | D:3      | Found a white marble altar of Elyvilon.
  2206 | D:3      | Noticed an angel
  2207 | D:3      | Found a runed door.
  2668 | D:3      | Noticed Sigmund
  3236 | D:3      | Slain by an orc

Skill      XL: |  1  2  3  4 |
---------------+-------------+-----
Short Blades   | 1 2 |  2.3
Slings         | 5 |  5.3
Fighting       | |  2.5
Armour         | |  0.6
Dodging        | |  2.5
Stealth        | |  1.8

Action                   |  1- 3 |  4- 6 || total
-------------------------+-------+-------++-------
Melee: Short sword       |    23 |    11 ||    34
 Fire: Hunting sling     |    60 |   107 ||   167
Throw: Stone             |       |     5 ||     5
  Use: Scroll            |     3 |       ||     3
 Stab: Sleeping          |     1 |       ||     1
  Eat: Chunk             |     6 |     2 ||     8
Armor: Leather armour    |     6 |    22 ||    28
Dodge: Dodged            |    31 |    64 ||    95
